 Dungeon Crawl Stone Soup version 0.26.1-11-gd32895ea62 (webtiles) character file.

Game seed: 11057856505989596104

81 Almogavar the Digger (level 4, -3/24 HPs)
             Began as a Gargoyle Earth Elementalist on May 13, 2021.
             Slain by Terence
             ... wielding a +0 mace
              (5 damage)
             ... on level 2 of the Dungeon.
             The game lasted 00:07:14 (2084 turns).

Almogavar the Digger (Gargoyle Earth Elementalist)  Turns: 2084, Time: 00:07:15

Health: -3/24      AC:  6    Str: 10 (11) XL:     4   Next: 42%
Magic:  8/8        EV: 12    Int: 14 (17) God:
Gold:   127        SH:  0    Dex:  7 (10) Spells: 5/8 levels left

rFire    . . .     SeeInvis .   g - +0 whip
rCold    . . .     Faith    .   (no shield)
rNeg     + . .     Spirit   .   c - +0 robe
rPois    ∞         Reflect  .   (no helmet)
rElec    +         Harm     .   a - +0 cloak
rCorr    .         Rampage  .   (no gloves)
Will     .....                  (no boots)
Stlth    ++........             (no amulet)
HPRegen  0.08/turn              (no ring)
MPRegen  0.11/turn              (no ring)

@: brilliant
A: negative energy resistance 1, electricity resistance, unbreathing,
petrification resistance, miasma immunity, AC +3
a: no special abilities


You were on level 2 of the Dungeon.
You visited 1 branch of the dungeon, and saw 2 of its levels.

You collected 127 gold pieces.

Inventory:

Hand Weapons
 g - a +0 whip (weapon)
Armour
 a - a +0 cloak (worn)
 c - a +0 robe (worn)
 d - a cursed +0 ring mail
 k - a +0 buckler
Wands
 j - a wand of disintegration (15)
Scrolls
 e - a scroll of magic mapping {unknown}
 i - a scroll of enchant weapon {unknown}
 m - a scroll of identify {unknown}
Potions
 l - a potion of curing {unknown}


   Skills:
 + Level 0.5 Fighting
 + Level 0.7 Maces & Flails
 + Level 1.9 Dodging
 + Level 2.5 Stealth
 + Level 2.7 Spellcasting
 + Level 0.7 Transmutations
 + Level 4.8 Earth Magic


You had 5 spell levels left.
You knew the following spells:

 Your Spells              Type           Power        Failure   Level
a - Sandblast             Erth           46%          3%          1
b - Passwall              Tmut/Erth      11%          11%         2

Your spell library contained the following spells:

 Spells                   Type           Power        Failure   Level
 Stone Arrow              Conj/Erth      26%          24%         3
 Petrify                  Tmut/Erth      14%          56%         4
 Lee's Rapid Deconstruct  Erth           11%          63%         5


Dungeon Overview and Level Annotations

Branches:
Dungeon (2/15)

Altars:

Annotations:
D:2 Terence


Innate Abilities, Weirdness & Mutations

You are resistant to torment.
Your stone body is resilient. (AC +3)
You are immune to poison.
You resist negative energy. (rN+)
You are resistant to electric shocks. (rElec)
You can survive without breathing.
You are immune to petrification.
You are immune to miasma.


Message History

You hit the rat but do no damage. The rat bites you but does no damage.
The rat completely misses you.
You hit the rat.
You kill the rat!
You hit Terence but do no damage.
Terence is heavily wounded.
Terence hits you with a +0 mace.
* * * LOW HITPOINT WARNING * * *
It was a potion of degeneration.
There was something very wrong with that liquid.
You feel weakened.
You feel dopey.
You feel clumsy. Terence hits you but does no damage.
It was a potion of cancellation.
You feel magically purged. Terence misses you.
It was a potion of brilliance.
You feel clever all of a sudden. Terence closely misses you.
You hit Terence.
Terence is severely wounded.
Terence hits you with a +0 mace.
You die...

. ### ##. #..
... #.##.#
#.... #..#
##########..#
#....@@.....#
#.########.##
#.# #.# #.#
#.# #.# #.#
######.# #.#
#......# #..
#.###### .#
#.#


You could see Terence.

Vanquished Creatures
  4 adders (D:2)
  An ooze (D:1)
  2 dart slugs (D:1)
  A giant cockroach (D:1)
  6 goblins
  A hobgoblin (D:1)
  6 kobolds (D:1)
  A quokka (D:2)
  A ball python (D:1)
  6 bats (D:1)
  4 frilled lizards
  9 rats
42 creatures vanquished.

Notes
Turn   | Place    | Note
-------+----------+-------------------------------------------
     0 | D:1      | Almogavar the Gargoyle Earth Elementalist began the quest
                  | for the Orb.
     0 | D:1      | Reached XP level 1. HP: 10/10 MP: 3/3
   188 | D:1      | Reached XP level 2. HP: 15/15 MP: 3/5
   250 | D:1      | Reached skill level 4 in Earth Magic
   518 | D:1      | Reached XP level 3. HP: 15/19 MP: 3/6
   740 | D:1      | Learned a level 2 spell: Passwall
  1653 | D:2      | Reached XP level 4. HP: 12/24 MP: 8/8
  2054 | D:2      | Noticed Terence
  2084 | D:2      | Slain by Terence

Illustrated notes

Levels and vault maps discovered:
D:1:      lemuel_arrival_rhombus, layout_loops_ring, st_stairs_3
D:2:      kennysheep_six_static_rooms, layout_loops_ring, columned_hall_lemuel,
          minmay_pentomino_u2, uniq_robin, uniq_terence, uniq_crazy_yiuf_cottage

Skill      XL: |  1  2 |
---------------+-------+-----
Earth Magic    | 4 |  4.8
Fighting       | |  0.5
Maces & Flails | |  0.7
Dodging        | |  1.9
Stealth        | |  2.5
Spellcasting   | |  2.7
Transmutations | |  0.7

Action                   |  1- 3 |  4- 6 || total
-------------------------+-------+-------++-------
Melee: Whip              |    73 |    50 ||   123
 Cast: Sandblast         |    39 |       ||    39
  Use: Potion            |       |     3 ||     3
 Stab: Sleeping          |     1 |     1 ||     2
Armor: Robe              |    28 |    17 ||    45
Dodge: Dodged            |    51 |    40 ||    91
